 Dungeon Crawl Stone Soup version 0.31-a0-868-g674d60d6f7 (webtiles) character file.

Game seed: 16084936956354546716

4800 Maratek the Cleaver (level 10, -1/88 HPs)
             Began as a Minotaur Fighter on Oct 11, 2023.
             Was an Elder of Qazlal.
             Slain by a vampire
             ... wielding a +2 vampiric glaive
              (16 damage)
             ... in a bailey.
             The game lasted 00:13:11 (8148 turns).

Maratek the Cleaver (Minotaur Fighter)              Turns: 8148, Time: 00:13:11

Health: -1/88      AC: 17    Str: 24    XL:     10   Next: 24%
Magic:  9/9        EV:  8    Int:  5    God:    Qazlal [****..]
Gold:   636        SH: 11    Dex: 11    Spells: 9/9 levels left

rFire   + . .        a - +0 war axe (elec)
rCold   + . .        c - +0 buckler
rNeg    . . .        z - +0 plate armour
rPois   +            (helmet restricted)
rElec   +            m - +0 cloak {rCorr}
rCorr   +            g - +1 pair of gloves
SInv    .            (no boots)
Will    +....        k - amulet of regeneration Stlth
                     n - ring of willpower
HPRegen 1.14/turn    (no ring)
MPRegen 0.11/turn

%: repel missiles
@: mighty, resistant
A: horns 2, retaliatory headbutt
a: Renounce Religion, Upheaval, Elemental Force


You were in a bailey.
You worshipped Qazlal.
Qazlal was greatly pleased with you.
You visited 2 branches of the dungeon, and saw 10 of its levels.
You also visited: Sewer and Bailey.

You collected 636 gold pieces.

Inventory:

Hand Weapons
 a - a +0 war axe of electrocution (weapon)
Missiles
 b - 2 throwing nets
Armour
 c - a +0 buckler (worn)
 g - a +1 pair of gloves (worn)
 m - a +0 cloak of preservation (worn)
 z - a +0 plate armour (worn)
Jewellery
 k - an amulet of regeneration (around neck)
 n - a ring of willpower (left hand)
Wands
 v - a wand of flame (33)
 y - a wand of polymorph (3)
Scrolls
 h - 2 scrolls of summoning
 j - 3 scrolls of fear
 u - a scroll of fog
 A - a scroll of blinking
 B - 3 scrolls of teleportation
Potions
 d - a potion of might
 e - 2 potions of magic
 f - 2 potions of resistance
 i - 5 potions of curing {unknown}
 l - 4 potions of heal wounds {unknown}
 o - a potion of attraction {unknown}
 p - 5 potions of lignification {unknown}
 q - a potion of degeneration {unknown}
 r - 2 potions of mutation {unknown}
 s - a potion of invisibility {unknown}
 t - a potion of haste {unknown}
 w - a potion of brilliance {unknown}
 x - 3 potions of ambrosia {unknown}


   Skills:
 + Level 8.1 Fighting
 + Level 12.5 Axes
 + Level 8.6 Armour
 + Level 3.2 Dodging
 + Level 1.3 Stealth
 + Level 7.4 Shields


You had 9 spell levels left.
You didn't know any spells.
Your spell library contained the following spells:

 Spells                   Type           Power      Damage    Failure   Level
 Sandblast                Erth           0%         2d4       100%        1
 Cigotuvi's Dreadful Rot  Necr/Pois/Air  0%         N/A       100%        2
 Lesser Beckoning         Tloc           0%         N/A       100%        2
 Passwall                 Tmut/Erth      0%         N/A       100%        2
 Gell's Gravitas          Tloc           0%         N/A       100%        3
 Ignite Poison            Fire/Tmut/Pois 0%         N/A       100%        3
 Stone Arrow              Conj/Erth      0%         3d7       100%        3
 Teleport Other           Tloc           0%         N/A       100%        3
 Brom's Barrelling Bould  Conj/Erth      0%         2d3       100%        4
 Freezing Cloud           Conj/Ice/Air   0%         6-21      100%        5


Dungeon Overview and Level Annotations

Branches:
Dungeon (9/15)             Temple (1/1) D:4           Sewer (visited)
 Bailey (1/1)
   Lair: D:8-11         Orc: D:9-12

Altars:
Ashenzari
Cheibriados
Dithmenos
Elyvilon
Fedhas
Gozag
Hepliaklqana
Kikubaaqudgha
Makhleb
Nemelex Xobeh
Okawaru
Qazlal
Ru
Sif Muna
Trog
Uskayaw
Vehumet
Wu Jian
Xom
Yredelemnul
Zin
The Shining One

Shops:
D:6 =


Innate Abilities, Weirdness & Mutations

You have a pair of horns on your head.
You reflexively headbutt those who attack you in melee.


Message History

Something draws strength from your injuries!
You hit something but do no damage. Something completely misses you.
Something bites you.
Something draws strength from your injuries!
You hit something. You headbutt something. Something hits you!
Something bites you but does no damage.
You hit something but do no damage. Your headbutt misses something.
You hear some strange, mumbled words.
Something tries to affect you, but you resist.
You miss something. Something hits you but does no damage.
Something bites you but does no damage.
You slash something! Lightning courses through something!
Your headbutt misses something. You closely miss something.
Your headbutt misses something. Something hits you but does no damage.
Something bites you but does no damage.
You closely miss something. Your headbutt misses something.
Something draws life force from you!
You hit something. Your headbutt misses something.
Something hits you but does no damage. Something bites you.
Something draws strength from your injuries!
You hit something but do no damage. Your headbutt misses something.
Something hits you. Something bites you but does no damage.
You hit something. Your headbutt misses something. Something hits you!
Something bites you but does no damage.
You closely miss something. Something hits you!
* * * LOW HITPOINT WARNING * * *
You block something's attack.
You barely miss something. Something hits you but does no damage.
You block something's attack.
You hit something but do no damage. Lightning courses through something!
Something hits you.
* * * LOW HITPOINT WARNING * * *
Something bites you.
* * * LOW HITPOINT WARNING * * *
Something draws strength from your injuries!
You feel protected. Something hits you but does no damage.
You block something's attack.
You feel very mighty all of a sudden. Something hits you!
You die...

##### ##8...######
##[.....##.8# #..
#...#..# .#### #[.
#..'..# .....
#[{####..'..#
......
#8[@##...#..#
..♣..♣
##[.§...##..#
..♣.. ##8.☼.##...#
..♣...
######....##......
#8......##.....
#...##...##.♣..
#.)##..).#.....
#..#....##....♣
#..#...##......


There were no monsters in sight!

Vanquished Creatures
  Pikel (D:5)
  A gargoyle (Bailey)
  Grinder (D:4)
  Sigmund (D:6)
  Eustachio (D:6)
  2 water moccasins
  A black bear (D:4)
  A sky beast (D:8)
  An ogre (D:6)
  4 orc warriors
  3 centaurs
  A phantom (D:6)
  4 kobold brigands
  Blork the orc (D:6)
  4 scorpions
  A gnoll sergeant (D:9)
  5 vampire bats (Bailey)
  2 howler monkeys
  4 wolf zombies (Bailey)
  A hound (D:3)
  10 orc priests
  Jessica (D:3)
  A sleepcap (D:5)
  Terence (D:3)
  3 iguanas
  6 orc wizards
  Natasha (thrice) (D:2)
  15 adders
  14 gnolls
  3 river rats (Sewer)
  2 shadow imps
  5 white imps
  4 ufetubi
  3 worms
  4 dart slugs
  35 orcs
  18 endoplasms
  6 giant cockroaches
  12 goblins
  5 hobgoblins
  4 jackals (D:5)
  9 quokkas
  15 ball pythons
  3 bats
  3 frilled lizards
  18 kobolds
  19 orc zombies (Bailey)
  14 rats
276 creatures vanquished.

Notes
Turn   | Place    | Note
-------+----------+-------------------------------------------
     0 | D:1      | Maratek the Minotaur Fighter began the quest for the Orb.
     0 | D:1      | Reached XP level 1. HP: 19/19 MP: 0/0
   103 | D:1      | Reached XP level 2. HP: 27/27 MP: 1/1
   349 | D:1      | Reached skill level 3 in Axes
   373 | D:1      | Reached XP level 3. HP: 27/33 MP: 2/2
   801 | D:2      | Reached XP level 4. HP: 40/40 MP: 3/3
   833 | D:2      | Reached skill level 4 in Axes
   920 | D:2      | Noticed Natasha
   926 | D:2      | Killed Natasha
   930 | D:2      | Reached XP level 5. HP: 38/47 MP: 4/4
   974 | D:2      | Noticed Natasha
   980 | D:2      | Killed Natasha
   981 | D:2      | Reached skill level 5 in Axes
  1147 | D:2      | Noticed Natasha
  1152 | D:2      | Killed Natasha
  1153 | D:2      | Reached skill level 1 in Dodging
  1224 | D:3      | Noticed Terence
  1230 | D:3      | Killed Terence
  1567 | D:3      | Found a snail-covered altar of Cheibriados.
  1684 | D:3      | Found a broken altar of Ashenzari.
  1817 | D:3      | Noticed Jessica
  1820 | D:3      | Killed Jessica
  1821 | D:3      | Reached XP level 6. HP: 53/53 MP: 5/5
  1829 | D:3      | Found a basalt altar of Yredelemnul.
  1998 | D:3      | Reached skill level 6 in Axes
  2137 | D:3      | Found a blossoming altar of Fedhas.
  2443 | D:4      | Reached skill level 5 in Armour
  2630 | D:4      | Reached skill level 5 in Fighting
  2741 | D:4      | Found a staircase to the Ecumenical Temple.
  2769 | Temple   | Entered the Ecumenical Temple
  2776 | Temple   | Became a worshipper of Qazlal Stormbringer
  2820 | D:4      | Noticed Grinder
  2827 | D:4      | Paralysed by Grinder for 2 turns
  2830 | D:4      | Paralysed by Grinder for 5 turns
  2844 | D:4      | Paralysed by Grinder for 2 turns
  2848 | D:4      | Killed Grinder
  2849 | D:4      | Reached skill level 7 in Axes
  2849 | D:4      | Reached XP level 7. HP: 18/61 MP: 6/6
  3082 | D:4      | Found a sacrificial altar of Ru.
  3206 | D:5      | Entered Level 5 of the Dungeon
  3269 | D:5      | Found a hazy altar of Hepliaklqana.
  3542 | D:5      | Noticed Pikel
  3553 | D:5      | Killed Pikel
  3554 | D:5      | Reached skill level 8 in Axes
  3554 | D:5      | Reached XP level 8. HP: 54/70 MP: 7/7
  3589 | D:5      | Reached * piety under Qazlal
  3601 | D:5      | Found a glowing golden altar of the Shining One.
  3750 | D:5      | Reached skill level 9 in Axes
  4024 | D:6      | Noticed Blork the orc
  4034 | D:6      | Reached skill level 5 in Shields
  4044 | D:6      | Killed Blork the orc
  4107 | D:6      | Found a bloodstained altar of Trog.
  4108 | D:6      | Noticed Eustachio
  4112 | D:6      | Reached skill level 1 in Stealth
  4121 | D:6      | Killed Eustachio
  4122 | D:6      | Reached skill level 10 in Axes
  4227 | D:6      | Found an ancient bone altar of Kikubaaqudgha.
  4246 | D:6      | Reached XP level 9. HP: 78/78 MP: 8/8
  4268 | D:6      | Found a glowing drain.
  4277 | Sewer    | Entered a sewer
  4512 | Sewer    | Reached ** piety under Qazlal
  4977 | D:6      | Found Oheox's Jewellery Shoppe.
  5336 | D:6      | Noticed Sigmund
  5345 | D:6      | Killed Sigmund
  5820 | D:7      | Reached skill level 11 in Axes
  6018 | D:7      | Reached *** piety under Qazlal
  6053 | D:7      | Found an opulent altar of Gozag.
  6236 | D:7      | Found a glowing silver altar of Zin.
  6612 | D:7      | Found a shimmering altar of Xom.
  7226 | D:8      | Reached skill level 12 in Axes
  7640 | D:9      | Reached XP level 10. HP: 69/88 MP: 9/9
  7696 | D:9      | Found an ornate altar of the Wu Jian Council.
  7776 | D:9      | Found a burning altar of Makhleb.
  7814 | D:9      | Found a flagged portal.
  7948 | Bailey   | Entered a bailey
  7978 | Bailey   | Reached **** piety under Qazlal
  8094 | Bailey   | Noticed a gargoyle
  8102 | Bailey   | Killed a gargoyle
  8128 | Bailey   | Found the +2 pair of slick slippers {slick, slippery, EV+4}
  8129 | Bailey   | Identified the amulet of Cuenydgh {Spirit rPois rF+++ rN+
                  | Slay-4}
  8148 | Bailey   | Slain by a vampire

Illustrated notes

Levels and vault maps discovered:
D:1:      minmay_arrival_shattered_statue, layout_basic, minmay_surrounded
D:2:      minmay_kobold_bridge, layout_rooms, uniq_natasha
D:3:      layout_loops_corners, kennysheep_slug_shrine, fedhas_altar_3,
          mainiacjoe_overflow_alcove_2, mainiacjoe_overflow_surrounded_room,
          serial_rivers, chequers_serial_rivers_room_b,
          chequers_serial_rivers_marsh, chequers_serial_rivers_small_3,
          chequers_serial_rivers_large_b, uniq_terence, uniq_jessica
D:4:      layout_layer_cave, nicolae_ru_sacrificial_ziggurat,
          minmay_temple_entry_grid, uniq_grinder
D:5:      layout_loops_ring, tso_altar, nicolae_hepliaklqana_hippocampus,
          uniq_pikel
D:6:      layout_layer_cave, trog_butcher_becter,
          nicolae_kikubaaqudgha_miasma_corner, portal_sewer_entry_d,
          serial_shops, nicolae_shop_gaudy_bauble, uniq_sigmund,
          uniq_blork_the_orc, uniq_eustachio
D:7:      layout_loops_ring, mainiacjoe_overflow_alcove_4, tgw_xom,
          nicolae_overflow_crystal_walls, nicolae_zen_rock_garden
D:8:      layout_loops_cross
D:9:      layout_grid_maze, nicolae_wu_jian_wuxing_cycle,
          mainiacjoe_overflow_cross_hatched, enter_bailey_6, minmay_radiant
Temple:   hellmonk_temple_micro_hex
Bailey:   bailey_polearm_vampire_castle_hellmonk, bailey

Skill      XL: |  1  2  3  4  5  6  7  8  9 10 |
---------------+-------------------------------+-----
Fighting       | 4 5 6 7 8 |  8.1
Axes           | 3 4 5 7 8 10 12 | 12.5
Armour         | 4 5 6 7 8 |  8.6
Shields        | 4 5 6 7 |  7.4
Dodging        | 1 2 3 |  3.2
Stealth        | 1 |  1.3

Action                     |  1- 3 |  4- 6 |  7- 9 | 10-12 || total
---------------------------+-------+-------+-------+-------++-------
  Melee: War axe           |    83 |   138 |   368 |    91 ||   680
         Headbutt          |     7 |    16 |    67 |    15 ||   105
    Use: Scroll            |       |     2 |     7 |       ||     9
         Potion            |       |       |       |     2 ||     2
 Armour: Scale mail        |    78 |   117 |   116 |       ||   311
         Plate armour      |       |       |    64 |    70 ||   134
  Dodge: Dodged            |    50 |    48 |   109 |    26 ||   233
  Block: Buckler           |    19 |    29 |   103 |    48 ||   199

Table legend: (Time is in decaauts)
 A = Elapsed time spent in this place.
 B = Non-inter-level travel time spent in this place.
 C = Inter-level travel time spent in this place.
 D = Time resting spent in this place.
 E = Time spent auto-exploring this place.
 F = Levels seen in this place.
 G = Mean time per level.
                   A        B        C        D        E       F      G
               +--------+--------+--------+--------+--------+-----+--------+
         Total |   8427 |   7944 |    483 |     64 |   6335 |  12 |  702.2 |
       Dungeon |   7526 |   7049 |    477 |     64 |   5764 |   9 |  836.2 |
        Temple |     14 |      8 |      6 |      0 |      0 |   1 |   14.0 |
         Sewer |    692 |    692 |      0 |      0 |    480 |   1 |  692.0 |
        Bailey |    192 |    192 |      0 |      0 |     91 |   1 |  192.0 |
               +--------+--------+--------+--------+--------+-----+--------+

Top non-repeatable levels by time:
     D:7: 1305 daAuts
     D:3: 1279 daAuts
     D:6: 1146 daAuts
     D:5: 823 daAuts
     D:4: 773 daAuts
   Sewer: 692 daAuts
     D:1: 646 daAuts
     D:8: 618 daAuts
     D:2: 617 daAuts
     D:9: 317 daAuts
  Bailey: 192 daAuts
  Temple: 14 daAuts
